 Dungeon Crawl Stone Soup version 0.31-a0-175-g9f7f995f2b (webtiles) character file.

Game seed: 9166766404420599606

61329 jasper the Bewitcher (level 14, -7/73 HPs)
             Began as a Spriggan Venom Mage on June 16, 2023.
             Was the Champion of Vehumet.
             Shot with an arrow by a centaur warrior (9 damage)
             ... on level 13 of the Dungeon.
             The game lasted 00:43:27 (28103 turns).

jasper the Bewitcher (Spriggan Venom Mage)         Turns: 28103, Time: 00:43:28

Health: -7/73      AC:  6    Str:  4    XL:     14   Next: 60%
Magic:  14/29      EV: 24    Int: 33    God:    Vehumet [******]
Gold:   714        SH:  0    Dex: 18    Spells: 6/34 levels left

rFire   . . .        P - staff of earth "Gihap" {Dex+2}
rCold   . . .        (shield currently unavailable)
rNeg    . . .        x - +0 steam dragon scales
rPois   .            (helmet restricted)
rElec   .            q - +0 cloak
rCorr   .            (gloves unavailable)
SInv    +            (boots unavailable)
Will    ++...        N - amulet of regeneration
Stlth   ++           A - +6 ring of intelligence
HPRegen 1.12/turn    L - +6 ring of intelligence
MPRegen 0.21/turn

%: no passive effects
@: radiating poison, very quick
A: very small, no large weapons, unfitting armour, see invisible, speed 3
a: Renounce Religion


You were on level 13 of the Dungeon.
You worshipped Vehumet.
Vehumet was exalted by your worship.
You visited 4 branches of the dungeon, and saw 21 of its levels.
You also visited: Gauntlet.

You collected 2133 gold pieces.
You spent 1419 gold pieces at shops.

Inventory:

Hand Weapons
 c - a +0 dagger
 e - a +0 short sword
 k - a +0 quarterstaff
 m - the +7 war axe "Miystal" {drain, Str+5}
   (You found it on level 3 of the Dungeon)

   Str:       It affects your strength (+5).
Missiles
 J - 5 throwing nets
 M - 5 curare-tipped darts
Armour
 a - a +0 robe
 d - an orb of light
 q - a +0 cloak (worn)
 r - a +2 buckler
 x - +0 steam dragon scales (worn)
 E - a +0 troll leather armour
 V - the +2 hat of the Bear Spirit {Spirit, Bear, *Rage Will++}
   (You found it on level 5 of the Lair of Beasts)

   Bear:      Going berserk makes the wearer exceptionally tough, and they are
   slowed for a shorter time afterward.
   *Rage:     It berserks you when you make melee attacks (+20% chance).
   Will:      It greatly increases your willpower.
Magical Staves
 y - a staff of poison
 P - the staff of earth "Gihap" (weapon) {Dex+2}
   (You found it in a Gauntlet)

   [staff of earth]

   Base accuracy: +5 Base damage: 5 Base attack delay: 1.2 This weapon's minimum
   attack delay (0.6) is reached at skill level 12.
   Dex:       It affects your dexterity (+2).
   It falls into the 'Staves' category.
   It is a two-handed weapon.
Jewellery
 A - a +6 ring of intelligence (left hand)
 C - a +4 ring of protection
 F - a +6 ring of strength
 L - a +6 ring of intelligence (right hand)
 N - an amulet of regeneration (around neck)
 R - a ring of ice
Wands
 h - a wand of polymorph (8)
 s - a wand of roots (22)
 t - a wand of charming (19)
 u - a wand of light (11)
 w - a wand of mindburst (16)
 z - a wand of digging (4)
 O - a wand of flame (16)
Scrolls
 f - 2 scrolls of noise
 i - 3 scrolls of enchant weapon
 n - 5 scrolls of teleportation
 D - a scroll of brand weapon
 G - 5 scrolls of vulnerability
 H - 3 scrolls of poison
 Q - 3 scrolls of identify
 S - 2 scrolls of blinking
 U - 2 scrolls of enchant armour
Potions
 b - 3 potions of magic
 g - 3 potions of mutation
 j - a potion of berserk rage
 l - 5 potions of curing
 o - 5 potions of attraction
 p - 2 potions of brilliance
 v - 2 potions of cancellation
 B - a potion of lignification
 K - 2 potions of enlightenment
 T - 2 potions of haste
Miscellaneous
 I - a condenser vane


   Skills:
 - Level 8.2 Fighting
 - Level 10.0 Dodging
 - Level 3.0 Stealth
 - Level 10.5 Spellcasting
 + Level 7.8 Conjurations
 - Level 19.0 Hexes
 - Level 2.0 Summonings
 - Level 1.3 Transmutations
 - Level 2.0 Air Magic
 - Level 5.6 Earth Magic
 - Level 7.0 Poison Magic
 - Level 5.0 Evocations


You had 6 spell levels left.
You knew the following spells:

 Your Spells              Type           Power      Damage    Failure   Level
b - Discord               Hex            48%        N/A       8%          8
c - Mephitic Cloud        Conj/Pois/Air  53%        N/A       1%          3
d - Olgreb's Toxic Radia  Pois           59%        N/A       1%          4
e - Summon Guardian Gole  Hex/Summ       72%        N/A       1%          3
f - Stone Arrow           Conj/Erth      100%       3d13      1%          3
g - Orb of Destruction    Conj           31%        9d10      24%         7

Your spell library contained the following spells:

 Spells                   Type           Power      Damage    Failure   Level
 Irradiate                Conj/Tmut      23%        3d19      3%          5
 Confusing Touch          Hex            97%        N/A       0%          3
 Tukima's Dance           Hex            97%        N/A       0%          3
 Beastly Appendage        Tmut           52%        N/A       1%          1
 Kiss of Death            Conj/Necr      100%       2d13      1%          1
 Sting                    Tmut/Pois      100%       1d8       1%          1
 Summon Small Mammal      Summ           100%       N/A       1%          1
 Cigotuvi's Dreadful Rot  Necr/Pois/Air  74%        N/A       1%          2
 Poisonous Vapours        Pois/Air       94%        N/A       1%          2
 Portal Projectile        Hex/Tloc       100%       N/A       1%          3
 Spider Form              Tmut/Pois      44%        N/A       1%          3
 Leda's Liquefaction      Hex/Erth       49%        N/A       1%          4
 Metabolic Englaciation   Hex/Ice        34%        N/A       1%          5
 Summon Mana Viper        Hex/Summ       72%        N/A       1%          5
 Wereblood                Tmut           26%        N/A       2%          2
 Arcjolt                  Conj/Air       24%        1d34      2%          5
 Call Canine Familiar     Summ           30%        N/A       3%          3
 Vhi's Electric Charge    Tloc/Air       46%        N/A       5%          3
 Animate Armour           Summ/Erth      100%       N/A       5%          4
 Petrify                  Tmut/Erth      57%        N/A       6%          4
 Borgnjor's Vile Clutch   Necr/Erth      26%        N/A       24%         5
 Animate Dead             Necr           17%        N/A       26%         4
 Dispel Undead            Necr           17%        3d10      26%         4
 Blade Hands              Tmut           13%        N/A       38%         5
 Summon Forest            Summ/Tloc      11%        N/A       45%         5
 Statue Form              Tmut/Erth      38%        N/A       69%         6
 Summon Cactus Giant      Summ           15%        N/A       88%         6
 Death Channel            Necr           8%         N/A       99%         6
 Lehudib's Crystal Spear  Conj/Erth      37%        10d9      93%         8
 Maxwell's Capacitive Co  Air            15%        ∞         100%        8


Dungeon Overview and Level Annotations

Branches:
Dungeon (13/15)            Temple (1/1) D:4            Lair (5/5) D:8
  Swamp (0/4) Lair:2        Snake (0/4) Lair:3        Slime (0/5) Lair:5
    Orc (2/2) D:12            Elf (0/3) Orc:2       Gauntlet (visited)
 Vaults: D:13-14

Altars:
Ashenzari
Cheibriados
Dithmenos
Elyvilon
Fedhas
Hepliaklqana
Kikubaaqudgha
Makhleb
Nemelex Xobeh
Okawaru
Qazlal
Ru
Sif Muna
Trog
Uskayaw
Vehumet
Wu Jian
Xom
Yredelemnul
Zin
The Shining One
Jiyva

Shops:
D:4 =   D:7 [   D:11 =   Orc:2 [=(!

Annotations:
D:11 2 transporters, Hifysh's ghost, journeyman DsGl
D:13 3 runed translucent doors, Bimocov's ghost, journeyman DgFi
Lair:5 exclusion: oklob plant
Orc:1 2 transporters, liarliar's ghost, journeyman DjHW


Innate Abilities, Weirdness & Mutations

You are very small and have problems with some larger weapons.
You are too small for most types of armour.
You have supernaturally acute eyesight. (SInv)
You cover ground extremely quickly. (Speed+++)


Message History

Confirm with . or Enter, or press ? or * to list all spells.
Okay, then.
Okay, then.
This spell is dangerous to cast!
Memorise Summon Mana Viper, consuming 5 spell levels and leaving 1?
Your toxic aura wanes.
You start memorising the spell.
You continue memorising. x2
The deep elf zephyrmancer casts a spell at you.
Your memorisation is interrupted.
The bolt of lightning hits you!
The tree burns like a torch!
You hear a shout! x2
The forest fire spreads!
You take 10 damage, and have 63/73 hp.
Okay, then.
Aiming: Stone Arrow (safe; 1% risk of failure)
Press: ? - help, Q - select action, (/) - cycle Shift-Dir - straight line, f - deep elf zephyrmancer
Aim: a deep elf zephyrmancer, wielding a +0 short sword (69% to hit)
You feel a surge of power!
The stone arrow hits the deep elf zephyrmancer!!
The deep elf zephyrmancer is heavily wounded.
You now have 20/29 mp.
Aiming: Stone Arrow (safe; 1% risk of failure)
Press: ? - help, Q - select action, (/) - cycle Shift-Dir - straight line, f/p - deep elf zephyrmancer
Aim: a deep elf zephyrmancer, wielding a +0 short sword (heavily wounded, 69% to hit)
You feel a surge of power!
The stone arrow hits the deep elf zephyrmancer!
The deep elf zephyrmancer is severely wounded.
The deep elf zephyrmancer gestures at you while chanting.
The bolt of lightning hits you!!
The tree burns like a torch!
The centaur warrior wields a +0 orcbow.
The centaur warrior shoots an arrow.
The arrow hits you!
You take 41 damage, and have 23/73 hp.
MASSIVE DAMAGE!!
You now have 18/29 mp.
Casting: Stone Arrow (safe; 1% risk of failure)
Confirm with . or Enter, or press ? or * to list all spells.
You begin to radiate toxic energy.
The deep elf zephyrmancer is poisoned.
The centaur warrior is poisoned.
You are engulfed in blazing flames.
* * * LOW HITPOINT WARNING * * *
The deep elf zephyrmancer looks even sicker.
The centaur warrior shoots an arrow.
The arrow hits you!
You die...

## #. #.♣♣
#..♣♣
###.e♣♣♣♣.♣♣♣
#....@§§.⌠...
#####
#.#..♣§§♣.♣♣♣
....#
#...♣♣♣§♣
###.#
#..♣♣♣.♣§.
#.# #....)♣
♣.♣ #.#
#.....♣ ..♣
#^# #.##..♣
..♣ #.# #.#
#...# c.
#.###### #.#
##.#


You could see a centaur warrior (poisoned) and a deep elf zephyrmancer (very
poisoned).

Vanquished Creatures
  Erolcha (D:11)
  2 hydras
  3 catoblepae
  2 two-headed ogres
  A merfolk avatar (Lair:5)
  2 death yaks (Lair:3)
  2 boulder beetles
  4 orc high priests (Orc:2)
  Urug (D:13)
  Sonja (Lair:2)
  A fire crab (Gauntlet)
  2 skysharks
  2 sea snakes (Lair:5)
  2 harpies (Lair:5)
  3 ugly things
  4 orc knights
  An orc sorcerer (Orc:2)
  2 manticores
  A salamander (Lair:3)
  2 cyclopes
  2 torpor snails (Lair:3)
  A black mamba (Lair:5)
  An eye of devastation (Gauntlet)
  A gargoyle (Gauntlet)
  Psyche (D:8)
  An efreet (D:13)
  9 komodo dragons
  3 unseen horrors
  7 cane toads
  5 rime drakes
  2 wind drakes (Lair:5)
  8 trolls
  7 polar bears
  13 blink frogs
  A tyrant leech (Lair:2)
  A snapping turtle (Lair:5)
  Prince Ribbit (D:5)
  3 slime creatures (D:11)
  3 shadows (D:12)
  A wraith (D:12)
  A spriggan (shapeshifter) (D:13)
  32 yaks
  3 fire bats (Gauntlet)
  2 humans (D:10)
  3 wyverns
  2 golden eyes (Gauntlet)
  2 basilisks
  2 wargs (Orc:2)
  Menkaure (D:6)
  4 steam dragons
  4 vampire mosquitoes (D:12)
  2 two-headed ogre zombies (D:12)
  2 swamp worms (Lair:2)
  An acid dragon (D:12)
  A hell hound (Gauntlet)
  5 water moccasins
  26 orc warriors
  An ice beast (D:8)
  A sky beast (D:7)
  6 ogres
  10 wolves
  3 phantoms
  4 centaurs
  2 kobold brigands
  Blork the orc (D:4)
  16 bullfrogs
  3 gnoll sergeants
  4 scorpions
  2 water moccasin zombies (D:4)
  A wight (D:8)
  2 troll zombies (D:12)
  12 killer bees
  5 howler monkeys
  6 electric eels
  3 lava snakes (Lair:3)
  10 hounds
  Crazy Yiuf (D:3)
  A centaur zombie (D:4)
  2 jellies
  35 orc priests
  3 gnoll boudas
  2 sleepcaps (D:5)
  Jessica (D:3)
  6 iguanas
  38 orc wizards
  Natasha (twice) (D:3)
  4 ogre zombies (D:12)
  A hound zombie (D:4)
  39 gnolls
  10 adders
  A shadow imp (D:8)
  6 worms
  5 dart slugs
  81 orcs
  8 endoplasms
  5 giant cockroaches
  15 goblins
  19 hobgoblins
  A jackal (D:3)
  21 kobolds
  7 quokkas
  12 ball pythons
  9 bats
  2 frilled lizards
  A goblin skeleton (D:12)
  2 goblin zombies (D:12)
  3 hobgoblin zombies (D:12)
  5 orc skeletons (D:12)
  14 orc zombies (D:12)
  A quokka zombie (D:4)
  10 rats
  A butterfly (Lair:3)
669 creatures vanquished.

Vanquished Creatures (collateral kills)
  A manticore (D:13)
  3 cane toads (Lair:5)
  A blink frog (Lair:5)
  A hornet (Lair:5)
  A shadow (D:13)
  3 vampire mosquitoes (D:13)
  An orc wizard (D:13)
11 creatures vanquished.

Vanquished Creatures (others)
  A minotaur (Gauntlet)
  Harold (D:11)
  A two-headed ogre (D:10)
  A black mamba (Lair:1)
  2 cane toads
  A polar bear (Lair:2)
  A vampire (D:9)
  3 water moccasins (Lair:2)
  6 wights
17 creatures vanquished.

Grand Total: 697 creatures vanquished

Notes
Turn   | Place    | Note
-------+----------+-------------------------------------------
     0 | D:1      | jasper the Spriggan Venom Mage began the quest for the Orb.
     0 | D:1      | Reached XP level 1. HP: 9/9 MP: 5/5
   126 | D:1      | Reached XP level 2. HP: 13/13 MP: 2/6
   129 | D:1      | Learned a level 2 spell: Poisonous Vapours
   686 | D:1      | Reached XP level 3. HP: 14/16 MP: 2/8
   690 | D:1      | Learned a level 3 spell: Mephitic Cloud
  1582 | D:2      | Reached XP level 4. HP: 19/21 MP: 3/9
  1658 | D:2      | Reached skill level 5 in Poison Magic
  2151 | D:2      | Found an ornate altar of the Wu Jian Council.
  2833 | D:3      | Found a faded altar of an unknown god.
  2842 | D:3      | Noticed a phantom
  2961 | D:4      | Found Jeoq's Jewellery Shoppe.
  3019 | D:4      | Reached XP level 5. HP: 11/24 MP: 3/10
  3285 | D:4      | Noticed an ogre
  3286 | D:4      | Found a glowing golden altar of the Shining One.
  3289 | D:4      | Noticed Blork the orc
  3317 | D:4      | Killed an ogre
  3351 | D:3      | Found a shadowy altar of Dithmenos.
  3359 | D:3      | Identified the +7 war axe "Miystal" {drain, Str+5}
  3552 | D:3      | Noticed Natasha
  3560 | D:3      | Killed Natasha
  3561 | D:3      | Reached XP level 6. HP: 17/28 MP: 0/11
  3566 | D:3      | Learned a level 4 spell: Olgreb's Toxic Radiance
  3733 | D:3      | Found a hazy altar of Hepliaklqana.
  3919 | D:3      | Noticed Jessica
  3934 | D:3      | Killed Jessica
  4104 | D:3      | Reached skill level 1 in Air Magic
  4243 | D:3      | Reached skill level 1 in Conjurations
  4558 | D:3      | Found a runed translucent door.
  4559 | D:3      | Noticed Crazy Yiuf
  4593 | D:3      | Noticed Natasha
  4614 | D:3      | Killed Natasha
  4615 | D:3      | Reached XP level 7. HP: 28/32 MP: 2/12
  4903 | D:3      | Killed Crazy Yiuf
  5026 | D:4      | Killed Blork the orc
  5157 | D:4      | Reached skill level 1 in Fighting
  5304 | D:4      | Found a basalt altar of Yredelemnul.
  5774 | D:4      | Found a staircase to the Ecumenical Temple.
  5789 | Temple   | Entered the Ecumenical Temple
  5840 | Temple   | Became a worshipper of Vehumet
  6002 | D:4      | Reached skill level 5 in Dodging
  6158 | D:5      | Entered Level 5 of the Dungeon
  6267 | D:5      | Reached XP level 8. HP: 39/39 MP: 10/13
  6401 | D:5      | Identified the +4 dagger "Memyw" {spect, rElec rF- rN+++
                  | SInv}
  6416 | D:5      | Noticed Prince Ribbit
  6445 | D:5      | Killed Prince Ribbit
  6694 | D:5      | Found a glowing silver altar of Zin.
  6857 | D:5      | Got the Enchiridion on Ensnaring Effluvium
  7099 | D:5      | Reached * piety under Vehumet
  7099 | D:5      | Offered knowledge of Freeze by Vehumet.
  8004 | D:6      | Found a blossoming altar of Fedhas.
  8014 | D:6      | Reached skill level 5 in Fighting
  8212 | D:6      | Reached XP level 9. HP: 47/47 MP: 8/14
  8274 | D:6      | Noticed Menkaure
  8280 | D:6      | Killed Menkaure
  8281 | D:6      | Reached skill level 1 in Evocations
  9064 | D:7      | Reached ** piety under Vehumet
  9071 | D:7      | Offered knowledge of Sandblast by Vehumet.
  9283 | D:7      | Reached skill level 10 in Dodging
  9305 | D:7      | Reached skill level 5 in Evocations
  9454 | D:7      | Found Ziduxog's Antique Armour Shoppe.
  9460 | D:7      | Offered knowledge of Static Discharge by Vehumet.
  9803 | D:7      | Found a bloodstained altar of Trog.
  9879 | D:8      | Reached XP level 10. HP: 55/55 MP: 5/15
 10078 | D:4      | Bought a +6 ring of intelligence for 468 gold pieces
 10180 | D:8      | Learned a level 3 spell: Summon Guardian Golem
 10235 | D:8      | Noticed Psyche
 10251 | D:8      | Killed Psyche
 10252 | D:8      | Reached skill level 1 in Hexes
 10252 | D:8      | Reached skill level 1 in Summonings
 10290 | D:8      | Reached *** piety under Vehumet
 10297 | D:8      | Reached skill level 2 in Hexes
 10400 | D:8      | Reached skill level 3 in Hexes
 10403 | D:8      | Offered knowledge of Flame Wave by Vehumet.
 10404 | D:8      | Reached skill level 4 in Hexes
 10421 | D:8      | Reached skill level 5 in Hexes
 10668 | D:8      | Found a staircase to the Lair.
 11490 | D:9      | Noticed a two-headed ogre
 11521 | D:9      | Killed a two-headed ogre
 11522 | D:9      | Reached skill level 5 in Spellcasting
 11548 | D:9      | Learned a level 8 spell: Discord
 11705 | D:9      | Reached **** piety under Vehumet
 11706 | D:9      | Reached skill level 6 in Hexes
 11721 | D:9      | Offered knowledge of Sticky Flame by Vehumet.
 11791 | D:9      | Reached skill level 7 in Hexes
 12071 | D:9      | Found a shimmering altar of Xom.
 12131 | D:9      | Found a broken altar of Ashenzari.
 12325 | D:10     | Entered Level 10 of the Dungeon
 12422 | D:10     | Reached skill level 8 in Hexes
 12425 | D:10     | Reached XP level 11. HP: 57/60 MP: 17/20
 12500 | D:10     | Noticed a two-headed ogre
 12522 | D:10     | Killed a two-headed ogre
 12676 | D:10     | Reached skill level 9 in Hexes
 12676 | D:10     | Found an iron altar of Okawaru.
 13126 | D:11     | Noticed Harold
 13126 | D:11     | Noticed a boulder beetle
 13138 | D:11     | Killed Harold
 13143 | D:11     | Killed a boulder beetle
 13144 | D:11     | Reached skill level 10 in Hexes
 13300 | D:11     | Reached skill level 11 in Hexes
 13387 | D:11     | Noticed Hifysh's ghost (journeyman DsGl)
 13388 | D:11     | Found a transporter.
 13403 | D:11     | Found Dos Bera's Jewellery Shop.
 13405 | D:11     | Noticed Erolcha
 13447 | D:11     | Killed Erolcha
 13527 | D:11     | Reached skill level 12 in Hexes
 14180 | Lair:1   | Entered Level 1 of the Lair of Beasts
 14191 | Lair:1   | Reached ***** piety under Vehumet
 14247 | Lair:1   | Reached skill level 13 in Hexes
 14433 | Lair:1   | Noticed a catoblepas
 14474 | Lair:1   | Killed a catoblepas
 14595 | Lair:1   | Offered knowledge of Ozocubu's Refrigeration by Vehumet.
 14596 | Lair:1   | Reached skill level 14 in Hexes
 14604 | Lair:1   | Reached XP level 12. HP: 36/65 MP: 12/21
 14843 | Lair:1   | Identified the +5 hand axe of Dissatisfaction {heavy, Drain
                  | rC+ Dex+3}
 15210 | Lair:1   | Reached skill level 15 in Hexes
 15763 | Lair:2   | Learned a level 3 spell: Stone Arrow
 15791 | Lair:2   | Noticed Sonja
 15802 | Lair:2   | Killed Sonja
 16007 | Lair:2   | Reached skill level 1 in Earth Magic
 16680 | Lair:2   | Found a staircase to the Swamp.
 17005 | D:11     | Bought an amulet of regeneration for 450 gold pieces
 17038 | D:11     | Found a transporter.
 17560 | D:12     | Noticed a boulder beetle
 17567 | D:12     | Found a gate leading to a gauntlet.
 17581 | D:12     | Killed a boulder beetle
 17604 | Gauntlet | Entered a Gauntlet
 17604 | Gauntlet | Noticed a catoblepas
 17604 | Gauntlet | Found a transporter.
 17604 | Gauntlet | Found a runed translucent gate.
 17604 | Gauntlet | Found a runed translucent gate.
 17604 | Gauntlet | Found a runed translucent gate.
 17662 | Gauntlet | Found a transporter.
 17664 | Gauntlet | Found a transporter.
 17678 | Gauntlet | Found a transporter.
 17685 | Gauntlet | Found a transporter.
 17688 | Gauntlet | Found a transporter.
 17704 | Gauntlet | Found a transporter.
 17715 | Gauntlet | Found a transporter.
 17726 | Gauntlet | Found a transporter.
 17743 | Gauntlet | Found a transporter.
 17743 | Gauntlet | Found a transporter.
 17754 | Gauntlet | Found a transporter.
 17794 | Gauntlet | Found a transporter.
 17809 | Gauntlet | Found a transporter.
 17946 | Gauntlet | Killed a catoblepas
 18099 | Gauntlet | Reached skill level 5 in Earth Magic
 18193 | Gauntlet | Reached skill level 5 in Conjurations
 18219 | Gauntlet | Noticed a minotaur
 18234 | Gauntlet | Killed a minotaur
 18306 | Gauntlet | Identified the staff of earth "Gihap" {Dex+2}
 18615 | D:12     | Found a staircase to the Orcish Mines.
 18630 | D:12     | Reached XP level 13. HP: 68/68 MP: 8/23
 19620 | D:12     | Reached skill level 16 in Hexes
 20205 | Orc:1    | Entered Level 1 of the Orcish Mines
 20517 | Orc:1    | Offered knowledge of Orb of Destruction by Vehumet.
 20665 | Orc:2    | Entered Level 2 of the Orcish Mines
 20875 | Orc:2    | Found a staircase to the Elven Halls.
 21513 | Orc:1    | HP: 3/68 [orc priest/divine providence (16)]
 21689 | Orc:2    | Learned a level 7 spell: Orb of Destruction
 21939 | Orc:2    | Reached ****** piety under Vehumet
 22057 | Orc:2    | Offered knowledge of Iskenderun's Battlesphere by Vehumet.
 22311 | Orc:2    | Found Efyrrek's Armour Emporium.
 22311 | Orc:2    | Found Tuim's Distillery.
 22311 | Orc:2    | Found Itevisih's Jewellery Emporium.
 22320 | Orc:2    | Found Koeques's Weapon Shoppe.
 22329 | Orc:2    | Bought a +6 ring of intelligence for 468 gold pieces
 22332 | Orc:2    | Bought a potion of curing for 33 gold pieces
 22444 | Orc:1    | Reached skill level 17 in Hexes
 22549 | Orc:1    | Found a transporter.
 22558 | Orc:1    | Noticed liarliar's ghost (journeyman DjHW)
 22559 | Orc:1    | Found a transporter.
 22662 | Orc:1    | Identified the +9 dire flail of Sin {freeze, *Rage rN+++
                  | Dex+3}
 22662 | Orc:1    | Identified the +7 great mace of the Present {antimagic,
                  | *Noise rC+ Will+}
 23044 | Lair:3   | Reached skill level 18 in Hexes
 23551 | Lair:3   | Reached XP level 14. HP: 67/73 MP: 18/28
 23776 | Lair:3   | Found a staircase to the Snake Pit.
 24160 | Lair:4   | Reached skill level 19 in Hexes
 25344 | Lair:5   | Entered Level 5 of the Lair of Beasts
 25364 | Lair:5   | Found a glowing golden altar of the Shining One.
 26266 | Lair:5   | Offered knowledge of Irradiate by Vehumet.
 26476 | Lair:5   | Found a viscous altar of Jiyva.
 26513 | Lair:5   | Found a staircase to the Slime Pits.
 26673 | Lair:5   | Found the +2 hat of the Bear Spirit {Spirit, Bear, *Rage
                  | Will++}
 27408 | D:13     | Found a runed translucent gate.
 27408 | D:13     | Found a runed translucent gate.
 27408 | D:13     | Found a runed translucent gate.
 27412 | D:13     | Noticed Bimocov's ghost (journeyman DgFi)
 27439 | D:13     | Reached skill level 10 in Spellcasting
 27645 | D:13     | Noticed Urug
 27700 | D:13     | Killed Urug
 28103 | D:13     | HP: 1/73 [deep elf zephyrmancer] (22)]
 28103 | D:13     | Shot with an arrow by a centaur warrior

Illustrated notes

Levels and vault maps discovered:
D:1:      dpeg_arrival_stonehenge_8_columns, layout_loops_ring,
          chequers_serial_rivers_micro_a
D:2:      layout_rooms, basic_altar, grunt_ministairs_7,
          chequers_serial_rivers_micro_e, nicolae_kite_square_tiling_tiny,
          nrook_mini_backslash
D:3:      minmay_razor_zed, layout_basic, mainiacjoe_overflow_chevrons,
          grunt_dithmenos_smoke_and_mirrors, ebering_ecumenical_altar_rust,
          gup_sewer_entry_spiral, minmay_pentomino_pile,
          uniq_crazy_yiuf_cottage, uniq_jessica, uniq_natasha
D:4:      layout_basic, lemuel_crystal_altar, nicolae_yredelemnul_corpse_copse,
          minmay_temple_entry_antechambers, minmay_shop_enchanted_jewellery,
          guppyfry_early_orc_mine, uniq_blork_the_orc
D:5:      layout_layer_cave, lemuel_round_altar, uniq_prince_ribbit1
D:6:      layout_basic, fedhas_bush_and_centaur_altar, lightli_minifort,
          uniq_menkaure
D:7:      layout_rooms, mainiacjoe_overflow_six_doors_small, serial_shops, shop
D:8:      layout_rooms, erik_lair_island, serial_rivers,
          chequers_serial_rivers_micro_a, chequers_serial_rivers_small_b,
          chequers_serial_rivers_large_a, chequers_serial_rivers_small_b,
          chequers_serial_rivers_micro_a, chequers_serial_rivers_micro_b,
          uniq_psyche
D:9:      layout_roguey, lemuel_tele_altar, lemuel_crystal_altar
D:10:     layout_roguey, okawaru_humans
D:11:     layout_cave_pools, gammafunk_ghost_berserking_beasts, serial_shops,
          nicolae_shop_window_shopping, uniq_harold, uniq_erolcha
D:12:     layout_basic, zombieorc2_lemuel, gauntlet_entry_generic
D:13:     layout_loops_ring, ebering_ghost_rock_garden, kb_rosetta, uniq_urug
Temple:   nicolae_temple_bog_church
Lair:1:   layout_chaotic_city, grunt_megastairs_3
Lair:2:   layout_small_grid, minmay_swamp_entry_worms, grunt_megastairs_4,
          uniq_sonja, uniq_maggie
Lair:3:   layout_misc_corridors, nicolae_snake_entry_warm_welcome,
          enter_volcano_2, chequers_serial_rivers_room_b, lemuel_fruit_fields
Lair:4:   layout_cave_pods, infiniplex_staircase_pool_2, serial_bayou_shore_a
Lair:5:   gammafunk_lair_ancient_temple, layout_cave_pods,
          minmay_slime_entry_oklob_open, basic_altar
Orc:1:    cheibrodos_orc_bank, layout_caves, gammafunk_ghost_smash
Orc:2:    st_orc_mages, layout_diamond_mine

Skill      XL: |  1  2  3  4  5  6  7  8  9 10 11 12 13 14 |
---------------+-------------------------------------------+-----
Poison Magic   | 4 5 6 7 |  7.0
Spellcasting   | 3 5 6 9 10 | 10.5
Air Magic      | 2 |  2.0
Conjurations   | 1 2 5 7 |  7.8
Dodging        | 5 8 10 | 10.0
Fighting       | 2 5 7 8 |  8.2
Evocations     | 5 |  5.0
Hexes          | 8 14 15 18 19 | 19.0
Summonings     | 2 |  2.0
Earth Magic    | 5 |  5.6
Stealth        | |  3.0
Transmutations | |  1.3

Action                     |  1- 3 |  4- 6 |  7- 9 | 10-12 | 13-15 || total
---------------------------+-------+-------+-------+-------+-------++-------
  Melee: Dagger            |    12 |    13 |       |       |       ||    25
         Short sword       |     3 |       |       |       |       ||     3
         War axe           |       |    39 |   101 |       |       ||   140
         Quarterstaff      |       |     1 |       |       |       ||     1
         Punch             |       |       |     1 |       |       ||     1
         Staff             |       |       |    35 |   102 |   105 ||   242
   Cast: Sting             |    73 |   108 |    17 |    29 |       ||   227
         Poisonous Vapours |     3 |    19 |    48 |    11 |       ||    81
         Olgreb's Toxic Ra |       |     6 |    32 |   112 |   125 ||   275
         Mephitic Cloud    |       |       |     1 |    10 |     3 ||    14
         Summon Guardian G |       |       |       |    36 |     1 ||    37
         Stone Arrow       |       |       |       |    55 |   236 ||   291
         Discord           |       |       |       |       |     5 ||     5
  Evoke: Wand              |       |       |     2 |     6 |     9 ||    17
         Condenser vane    |       |       |       |       |     1 ||     1
    Use: Scroll            |     1 |     5 |     7 |     8 |     6 ||    27
         Potion            |       |     1 |       |     2 |     4 ||     7
   Stab: Sleeping          |       |     4 |     5 |       |       ||     9
 Armour: Robe              |     4 |    19 |    12 |       |       ||    35
         Steam dragon scal |       |       |     6 |    35 |    31 ||    72
  Dodge: Dodged            |    28 |    91 |   168 |   271 |   289 ||   847

Table legend: (Time is in decaauts)
 A = Elapsed time spent in this place.
 B = Non-inter-level travel time spent in this place.
 C = Inter-level travel time spent in this place.
 D = Time resting spent in this place.
 E = Time spent auto-exploring this place.
 F = Levels seen in this place.
 G = Mean time per level.
                   A        B        C        D        E       F      G
               +--------+--------+--------+--------+--------+-----+--------+
         Total |  22452 |  21444 |   1008 |   1910 |  15289 |  22 | 1020.5 |
       Dungeon |  14191 |  13485 |    706 |   1343 |   9565 |  13 | 1091.6 |
        Temple |     43 |     26 |     17 |      0 |     19 |   1 |   43.0 |
          Lair |   5575 |   5373 |    202 |    204 |   4112 |   5 | 1115.0 |
  Orcish Mines |   2073 |   1991 |     82 |    126 |   1403 |   2 | 1036.5 |
      Gauntlet |    568 |    568 |      0 |    236 |    188 |   1 |  568.0 |
               +--------+--------+--------+--------+--------+-----+--------+

Top non-repeatable levels by time:
     D:3: 1719 daAuts
    D:12: 1672 daAuts
  Lair:5: 1470 daAuts
     D:5: 1308 daAuts
     D:4: 1286 daAuts
  Lair:1: 1232 daAuts
   Orc:2: 1209 daAuts
     D:8: 1157 daAuts
     D:1: 1104 daAuts
    D:11: 1093 daAuts
     D:6: 1065 daAuts
  Lair:2: 1031 daAuts
  Lair:3: 957 daAuts
     D:2: 924 daAuts
  Lair:4: 883 daAuts
